 Dungeon Crawl Stone Soup version 0.21.1-1-g345015f (webtiles) character file.

93 RENEGADE the Chopper (level 4, -4/29 HPs)
             Began as a Tengu Berserker on July 19, 2018.
             Was a Believer of Trog.
             Slain by a goblin
             ... wielding a cursed +0 hunting sling
             ... led by Robin
              (5 damage)
             ... on level 2 of the Dungeon on July 24, 2018.
             The game lasted 00:04:52 (996 turns).

RENEGADE the Chopper (Tengu Berserker)               Turns: 996, Time: 00:04:53

Health: -4/29      AC:  2    Str: 23    XL:     4   Next: 62%
Magic:  5/5        EV: 15    Int:  8    God:    Trog [**....]
Gold:   27         SH:  0    Dex: 13    Spells: 3/3 levels left

rFire    . . .     SeeInvis .   a - +0 hand axe
rCold    . . .     Gourm    .   (no shield)
rNeg     . . .     Faith    .   b - +0 animal skin
rPois    .         Spirit   .   (helmet restricted)
rElec    .         Reflect  .   (no cloak)
rCorr    .         Harm     .   (no gloves)
MR       .....                  (boots unavailable)
Stlth    ++........             (no amulet)
HPRegen  0.09/turn              (no ring)
MPRegen  0.09/turn              (no ring)

@: mighty, flying quickly and evasively, quick
A: beak, talons 3
a: Berserk, Trog's Hand, Burn Spellbooks, Renounce Religion


You were on level 2 of the Dungeon.
You worshipped Trog.
Trog was pleased with you.
You were not hungry.

You visited 1 branch of the dungeon, and saw 2 of its levels.

You collected 27 gold pieces.

Inventory:

Hand Weapons
 a - a +0 hand axe (weapon)
Armour
 b - a +0 animal skin (worn)
Scrolls
 d - 2 scrolls of amnesia {unknown}
 e - 2 scrolls of identify {unknown}
 f - 2 scrolls of enchant armour {unknown}
 g - a scroll of immolation {unknown}
 h - a scroll of fear {unknown}
 j - a scroll of remove curse {unknown}
 l - a scroll of blinking {unknown}
 n - a scroll of magic mapping {unknown}
 o - 2 scrolls of teleportation {unknown}
Potions
 i - a potion of might
 k - 2 potions of flight
 m - a potion of ambrosia {unknown}
 p - 2 potions of mutation {unknown}
Comestibles
 c - a ration


   Skills:
 + Level 3.8 Fighting
 + Level 4.4 Axes
 + Level 2.3 Armour
 + Level 2.8 Dodging
 + Level 1.0 Stealth


You had 3 spell levels left.
You didn't know any spells.

Dungeon Overview and Level Annotations

Branches:
Dungeon (2/15)

Altars:
Ashenzari

Annotations:
D:2 Robin


Innate Abilities, Weirdness & Mutations

You have a beak for a mouth.
You have claws for feet.


Message History

Robin roars a battlecry!
The goblins go into a battle-frenzy!
The goblin shoots a stone.
The stone hits you.
* * * LOW HITPOINT WARNING * * *
The goblin throws a stone.
The stone misses you. Robin hits you with a dagger.
* * * LOW HITPOINT WARNING * * *
Robin throws the goblin at you! The goblin hits you with a club.
* * * LOW HITPOINT WARNING * * *
You hit the goblin.
You kill the goblin!
Trog accepts your kill.
It was a potion of flight.
You feel very buoyant.
You swoop lightly up into the air.
Robin throws the goblin at you! The goblin barely misses you.
It was a potion of might.
You feel very mighty all of a sudden.
The goblin hits you with a hunting sling.
You die...

.......................
........###..##........
#.......###.....†......
#.........#..#.........
#......r.....#.########
.######..###......##
#.## #....#...# # .
###)# #.##. #..## ..
##.@g# #... #.##.g###
.....#. #....###
##..... ###...g##.#
#####. #.....##gg..# ##
..####.......... #
.......g.#### #
......####... ######
####


You could see Robin, a quokka (wandering) and a goblin.

Vanquished Creatures
  An orc priest (D:2)
  An adder (D:2)
  A dart slug (D:1)
  A leopard gecko (D:2)
  4 orcs (D:2)
  10 bats
  7 goblins
  8 hobgoblins
  A ball python (D:2)
  4 frilled lizards
  2 kobolds (D:1)
  9 rats
49 creatures vanquished.

Notes
Turn   | Place    | Note
-------+----------+-------------------------------------------
     0 | D:1      | RENEGADE the Tengu Berserker began the quest for the Orb.
     0 | D:1      | Reached XP level 1. HP: 14/14 MP: 2/2
    62 | D:1      | Reached XP level 2. HP: 13/19 MP: 3/3
   511 | D:1      | Reached ** piety under Trog
   511 | D:1      | Reached XP level 3. HP: 22/23 MP: 4/4
   827 | D:2      | Reached skill level 4 in Axes
   876 | D:2      | Found a shattered altar of Ashenzari.
   940 | D:2      | Reached XP level 4. HP: 14/29 MP: 5/5
   948 | D:2      | Reached skill level 1 in Stealth
   986 | D:2      | Noticed Robin
   993 | D:2      | HP: 1/29 [goblin/club[Robin] (4)]
   996 | D:2      | Slain by a goblin

Skill      XL: |  1  2  3  4 |
---------------+-------------+-----
Axes           | 4 |  4.4
Stealth        | 1 |  1.0
Fighting       | |  3.8
Armour         | |  2.3
Dodging        | |  2.8

Action                   |  1- 3 |  4- 6 || total
-------------------------+-------+-------++-------
Melee: Hand axe          |    83 |    13 ||    96
       Kick              |    12 |     4 ||    16
       Peck              |    10 |     4 ||    14
  Use: Potion            |       |     2 ||     2
 Stab: Sleeping          |     1 |       ||     1
       Distracted        |     1 |       ||     1
Armor: Animal skin       |    19 |     9 ||    28
Dodge: Dodged            |    71 |    21 ||    92
